 Dungeon Crawl Stone Soup version 0.31-a0-1496-g79c7dd0eeb (webtiles) character file.

Game seed: 16147230350860172238

377 graki42 the Ruffian (level 6, 0/51 HPs)
             Began as a Demigod Shapeshifter on Dec 29, 2023.
             Succumbed to Solx's ghost's poison
             ... on level 4 of the Dungeon.
             The game lasted 00:06:31 (3653 turns).

graki42 the Ruffian (Demigod Shapeshifter)          Turns: 3653, Time: 00:06:32

Health: 0/51       AC:  6    Str: 23    XL:     6   Next: 20%
Magic:  8/8        EV: 12    Int: 14    God:
Gold:   243        SH:  0    Dex: 10    Spells: 5/5 levels left

rFire   . .          .
                       - Unarmed
rCold   + + .        (no shield)
rNeg    . . .        l - +3 leather armour of Untruth {rPois rC++ Int+2 Dex-3}
rPois   +            (helmet currently unavailable)
rElec   .            (cloak currently unavailable)
rCorr   .            (gloves currently unavailable)
SInv    .            (boots currently unavailable)
Will    .....        (no amulet)
Stlth   +            (no ring)
HPRegen 0.28/turn    (no ring)
MPRegen 0.11/turn

%: no passive effects
@: lethally poisoned (0 -> -11), beast-form
A: beast (slay +2), high MP 1, forlorn, divine attributes
a: Begin Untransformation


You were on level 4 of the Dungeon.
You were a hulking beast.
You visited 1 branch of the dungeon, and saw 5 of its levels.

You collected 243 gold pieces.

Inventory:

Armour
 a - a +0 animal skin
 j - a +0 pair of gloves
 l - the +3 leather armour of Untruth (worn) {rPois rC++ Int+2 Dex-3}
   (You found it on level 2 of the Dungeon)

   Int+2:     It affects your intelligence (+2).
   Dex-3:     It affects your dexterity (-3).
   rC++:      It greatly protects you from cold.
   rPois:     It protects you from poison
 r - a +0 pair of boots
Talismans
 c - a beast talisman
 d - a flux talisman
Scrolls
 f - 3 scrolls of fear {unknown}
 g - 4 scrolls of identify {unknown}
 k - 2 scrolls of teleportation {unknown}
 q - a scroll of immolation {unknown}
 s - 2 scrolls of revelation {unknown}
 t - a scroll of silence {unknown}
Potions
 b - a potion of lignification
 e - a potion of mutation {unknown}
 h - 2 potions of haste {unknown}
 i - a potion of resistance {unknown}
 m - a potion of enlightenment {unknown}
 n - a potion of brilliance {unknown}
 o - 4 potions of curing {unknown}
 p - 2 potions of heal wounds {unknown}


   Skills:
 + Level 3.0 Fighting
 + Level 3.4 Dodging
 + Level 4.0 Unarmed Combat
 + Level 3.8 Shapeshifting


You had 5 spell levels left.
You didn't know any spells.
Your spell library contained the following spells:

 Spells                   Type           Power      Damage    Failure   Level
 Dazzling Flash           Conj/Hex       0%         N/A       69%         3
 Mephitic Cloud           Conj/Alch/Air  0%         N/A       69%         3
 Curse of Agony           Necr           0%         N/A       100%        5
 Silence                  Hex/Air        0%         N/A       100%        5


Dungeon Overview and Level Annotations

Branches:
Dungeon (5/15)             Temple (0/1) D:5

Annotations:
D:4 Solx's ghost, amateur DrSh


Innate Abilities, Weirdness & Mutations

You are a hulking beast.
Your limbs bulge with bestial killing power. (Slay +2)
You have an increased reservoir of magic. (+10% MP)
You shall have no god before yourself.
Your divine heritage dramatically boosts your attributes as you level up.


Message History

Solx's ghost is lightly damaged.
You feel very sick.
You hit Solx's ghost.
Solx's ghost is moderately damaged.
You feel very sick. Solx's ghost hits you.
You hit Solx's ghost but do no damage.
Solx's ghost is moderately damaged.
You feel sick. Solx's ghost closely misses you.
You hit Solx's ghost.
Solx's ghost is moderately damaged.
You feel sick. Solx's ghost hits you.
You hit Solx's ghost. Your punch misses Solx's ghost.
Solx's ghost is moderately damaged.
You feel sick. Solx's ghost hits you.
You hit Solx's ghost.
Solx's ghost is heavily damaged.
You feel sick. Solx's ghost barely misses you.
You closely miss Solx's ghost.
Solx's ghost is heavily damaged.
You feel sick. Solx's ghost closely misses you.
You closely miss Solx's ghost.
Solx's ghost is heavily damaged.
You feel sick. Solx's ghost hits you!
* * * LOW HITPOINT WARNING * * *
You are lethally poisoned!
You closely miss Solx's ghost.
Solx's ghost is heavily damaged.
* * * LOW HITPOINT WARNING * * *
You feel very sick. Solx's ghost hits you.
* * * LOW HITPOINT WARNING * * *
You hit Solx's ghost but do no damage.
Solx's ghost is heavily damaged.
* * * LOW HITPOINT WARNING * * *
You feel very sick. Solx's ghost barely misses you.
You hit Solx's ghost but do no damage.
Solx's ghost is heavily damaged.
You die...

#.##.......#.## ####'#.....
#.########'#+# #### #.........#
#.# #....# ##.#~###.........#
#.#### #....##~.[..#.#.........#
#....# #....#.#.≈~~.##.........#
#....# #....#.~⌠.#..##..^......#
#....# #....##..§≈...#.........#
#....# #....####W'####.........#
#....####.......h....#####'######
#....'..'............# #.#
##...####..........### #.# #...#
#......##### #.# #...#
####'#############.# #####
#...............#
#################


You could see Solx's ghost.

Vanquished Creatures
  A phantom (D:4)
  A scorpion (D:4)
  A howler monkey (D:4)
  A bombardier beetle (D:3)
  A gnoll (D:2)
  4 adders
  2 white imps
  2 ufetubi (D:4)
  A worm (D:4)
  4 dart slugs
  6 orcs
  3 endoplasms
  4 giant cockroaches
  12 goblins
  4 hobgoblins (D:2)
  10 jackals
  4 quokkas
  7 ball pythons
  5 bats
  2 frilled lizards (D:2)
  7 kobolds
  5 rats
87 creatures vanquished.

Notes
Turn   | Place    | Note
-------+----------+-------------------------------------------
     0 | D:1      | graki42 the Demigod Shapeshifter began the quest for the
                  | Orb.
     0 | D:1      | Reached XP level 1. HP: 15/15 MP: 3/3
    35 | D:1      | Reached skill level 1 in Fighting
   142 | D:1      | Reached XP level 2. HP: 23/23 MP: 4/4
   246 | D:1      | Reached skill level 3 in Unarmed Combat
   726 | D:2      | Reached XP level 3. HP: 27/28 MP: 5/5
  1081 | D:2      | Identified the +3 leather armour of Untruth {rPois rC++
                  | Int+2 Dex-3}
  1230 | D:2      | Reached XP level 4. HP: 36/36 MP: 6/6
  2568 | D:4      | You fall into a shaft and drop 1 floor!
  2568 | D:5      | Entered Level 5 of the Dungeon
  2568 | D:5      | Found a staircase to the Ecumenical Temple.
  2676 | D:4      | Reached XP level 5. HP: 36/42 MP: 7/7
  3125 | D:4      | Identified the +9 quarterstaff of Qazlal's Grace {venom,
                  | rPois}
  3154 | D:4      | Found a large runed translucent door.
  3154 | D:4      | Found a large runed translucent door.
  3488 | D:4      | Reached skill level 4 in Unarmed Combat
  3488 | D:4      | Reached XP level 6. HP: 14/51 MP: 8/8
  3633 | D:4      | Noticed Solx's ghost (amateur DrSh)
  3653 | D:4      | Succumbed to Solx's ghost's poison

Illustrated notes

Levels and vault maps discovered:
D:1:      wander_arrival_abandoned_jail, layout_rooms
D:2:      layout_basic, minmay_diced_spiral
D:3:      layout_loops_ring, mainiacjoe_overflow_24_doors,
          amethyst_overflow_temple_binary
D:4:      layout_basic, ebering_ghost_disaster_area
D:5:      layout_loops_ring, minmay_temple_entry_junction_2, uniq_grinder

Skill      XL: |  1  2  3  4  5 |
---------------+----------------+-----
Fighting       | 1 2 3 |  3.0
Dodging        | 2 3 |  3.4
Unarmed Combat | 3 4 |  4.0
Shapeshifting  | 3 |  3.8

Action                     |  1- 3 |  4- 6 || total
---------------------------+-------+-------++-------
  Melee: Unarmed           |   106 |   218 ||   324
         Punch             |     1 |     3 ||     4
   Stab: Sleeping          |     2 |       ||     2
 Armour: Animal skin       |    47 |       ||    47
         Leather armour    |     2 |   119 ||   121
  Dodge: Dodged            |    66 |   120 ||   186

Table legend: (Time is in decaauts)
 A = Elapsed time spent in this place.
 B = Non-inter-level travel time spent in this place.
 C = Inter-level travel time spent in this place.
 D = Time resting spent in this place.
 E = Time spent auto-exploring this place.
 F = Levels seen in this place.
 G = Mean time per level.
                   A        B        C        D        E       F      G
               +--------+--------+--------+--------+--------+-----+--------+
         Total |   3633 |   3547 |     86 |      0 |   2944 |   5 |  726.6 |
       Dungeon |   3633 |   3547 |     86 |      0 |   2944 |   5 |  726.6 |
               +--------+--------+--------+--------+--------+-----+--------+

Top non-repeatable levels by time:
     D:2: 1120 daAuts
     D:4: 1040 daAuts
     D:3: 854 daAuts
     D:1: 522 daAuts
     D:5: 95 daAuts
